 Dungeon Crawl Stone Soup version 0.29.0-4-gdea44cf6ec (webtiles) character file.

Game seed: 2984642806981490949

183820 qw the Slayer (level 17, -3/173 HPs)
             Began as a Minotaur Berserker on Sept 10, 2022.
             Was a High Priest of Trog.
             Succumbed to a merfolk impaler's poison
             ... on level 4 of the Shoals.
             The game lasted 00:13:46 (36987 turns).

qw the Slayer (Minotaur Berserker)                 Turns: 36987, Time: 00:13:47

Health: -3/173     AC: 33    Str: 28    XL:     17   Next: 75%
Magic:  25/25      EV: 11    Int:  8    God:    Trog [*****.]
Gold:   1444       SH: 12    Dex: 10    Spells: 16/16 levels left

rFire   + . .      SeeInvis .   w - +5 broad axe (vamp)
rCold   + . .      Faith    .   s - +0 buckler
rNeg    . . .      Spirit   .   l - +1 plate armour {rC+}
rPois   .          Reflect  +   (helmet restricted)
rElec   .          Harm     .   x - +3 cloak "Issixile" {MP+9}
rCorr   .          Rampage  .   v - +1 pair of gloves
Will    +++..                   p - +0 pair of boots
Stlth   ..........              o - amulet of reflection
HPRegen 1.38/turn               e - +4 ring of protection
MPRegen 0.19/turn               q - ring of protection from fire

@: lethally poisoned (-3 -> -39), about to teleport, afraid, strong-willed,
regenerating
A: horns 2, retaliatory headbutt, clever 1, MP-powered wands
a: Renounce Religion, Berserk, Trog's Hand, Brothers in Arms


You were on level 4 of the Shoals.
You worshipped Trog.
Trog was extremely pleased with you.
You visited 5 branches of the dungeon, and saw 29 of its levels.
You also visited: Ossuary.

You collected 2848 gold pieces.
You spent 1404 gold pieces at shops.


Innate Abilities, Weirdness & Mutations

You have a pair of horns on your head.
You reflexively headbutt those who attack you in melee.
Your mind is acute. (Int +4, Str/Dex -1)
You expend magic power (3 MP) to strengthen your wands.


   Skills:
 + Level 21.4 Fighting
 - Level 18.0 Axes
 - Level 9.1 Throwing
 - Level 20.1 Armour
 - Level 9.0 Dodging
 - Level 13.0 Shields


You had 16 spell levels left.
You didn't know any spells.
Your spell library was empty.

Inventory:

Hand Weapons
 r - a +2 hand axe of flaming
 w - a +5 vampiric broad axe (weapon)
Missiles
 b - 28 boomerangs
 k - 2 silver boomerangs (quivered)
Armour
 f - +2 fire dragon scales
 l - a +1 plate armour of cold resistance (worn)
 p - a +0 pair of boots (worn)
 s - a +0 buckler (worn)
 v - a +1 pair of gloves (worn)
 x - the +3 cloak "Issixile" (worn) {MP+9}
   (You found it on level 14 of the Dungeon)

   MP:        It affects your magic capacity (+9).
 y - a scarf of resistance
Jewellery
 e - a +4 ring of protection (left hand)
 o - an amulet of reflection (around neck)
 q - a ring of protection from fire (right hand)
 t - a +6 ring of dexterity
 u - a ring of fire
Scrolls
 c - 7 scrolls of identify
 n - 14 scrolls of teleportation
Potions
 d - 3 potions of might
 g - a potion of resistance
 h - 4 potions of curing
 i - 5 potions of mutation
 j - 4 potions of heal wounds
 m - 4 potions of haste

Dungeon Overview and Level Annotations

Branches:
Dungeon (15/15) Temple (0/1) D:6 Lair (5/5) D:10 Shoals (4/4) Lair:3 Spider (3/4) Lair:3 Slime (0/5) Lair:4 Orc (2/2) D:12 Elf (0/3) Orc:2 Vaults (0/5) D:12 D:13 Depths (0/4) D:15 Ossuary (visited)

Altars:
Ashenzari
Cheibriados
Fedhas
Makhleb
Okawaru
Sif Muna
Trog
Uskayaw
Wu Jian
Xom
Zin
The Shining One
Jiyva

Shops:
D:5 =   D:6 :   D:8 *   Orc:2 ([*:   Shoals:1 :   Shoals:2 [

Portals:
Trove: D:10 (give +3 shadow dragon scales)

Annotations:
D:4 1 runed translucent door, qw's ghost, amateur GrFi
D:14 2 transporters, qw's ghost, journeyman GrFi
Spider:1 1 runed translucent door


Message History

The satyr unwields a +0 club.
The satyr wields a +0 longbow.
The satyr shoots an arrow.
You reflect the arrow off an invisible shield around you!
The arrow hits the satyr!
The merfolk impaler hits you but does no damage.
You block the alligator snapping turtle's attack.
The merfolk javelineer barely misses you.
You barely miss the faun.
The faun is almost dead.
You hit the satyr. You slash the faun!
You feel very sick. You block the merfolk impaler's attack.
You block the faun's attack.
The alligator snapping turtle bites you from afar!!
You block the merfolk impaler's attack. The faun closely misses you.
You furiously retaliate!
You headbutt the faun!
The merfolk impaler hits you from afar with a +1 trident of venom.
You are more poisoned.
You block the snapping turtle's attack.
You barely miss the faun. You headbutt the faun.
You kill the faun!
Trog accepts your kill.
Trog will now gift you melee weapons as you gain piety.
Trog appreciates your killing of a magic user.
You hit the faun but do no damage. You slash the satyr!
You feel extremely sick.
The satyr unwields a +0 longbow.
The satyr wields a +0 club.
You block the satyr's attack.
The merfolk javelineer throws a silver javelin.
The silver javelin pierces through you. The silver sears you!
The silver javelin pierces through the satyr!
The merfolk impaler barely misses you.
The alligator snapping turtle bites you from afar!
You block the merfolk impaler's attack.
The alligator snapping turtle bites you from afar!
The merfolk impaler hits you from afar with a +1 trident of venom!
You are more poisoned.
36987 ||| READING 15 scrolls of teleportation.
As you read the scroll of teleportation, it crumbles to dust.
You feel strangely unstable.
You die...

~~~
~~~~~....~~~P~~~
~~
~~~~~~~....~~~~~
..~~~~~~....~~~~
.~~~~.~~....~~~.
.~~~~..t~~~~~~~~
...~.ttmm~~~~~..
......).c.~~~~..
.....tc@~.~~~~~~
......))~~~~~~~~
.....m..~~~~~~~~
........~~~~~~~~
.........~~~~~.~
##.......~~~~~~~
#~.[.....~~~~~~
~~~......~~~~~~


You could see 2 alligator snapping turtles, 2 merfolk impalers, a merfolk
javelineer, a satyr (strong, scary), 2 snapping turtles and a faun (strong).

Vanquished Creatures
  Bai Suzhen (Spider:3)
  Nikola (Shoals:3)
  Jorgrun (Spider:3)
  Mlioglotl (Shoals:3)
  A kraken (Shoals:1)
  Kirke (Spider:3)
  An orc warlord (Orc:2)
  A broodmother (Spider:2)
  A dire elephant (Lair:5)
  2 entropy weavers
  2 ettins (Orc:1)
  2 fire dragons (D:14)
  2 merfolk impalers (Shoals:3)
  An ice dragon (D:13)
  4 boulder beetles
  2 merfolk avatars
  6 hydras
  7 satyrs
  A death knight (D:15)
  3 catoblepae (Lair:5)
  3 radroaches
  5 tengu warriors
  7 centaur warriors
  4 two-headed ogres
  2 alligator snapping turtles
  Urug (D:11)
  3 merfolk aquamancers
  4 orc high priests (Orc:2)
  9 death yaks
  3 skeletal warriors (D:15)
  2 pharaoh ants
  2 sea snakes
  4 steelbarb worms
  A glowing orange brain (D:12)
  4 orb spiders
  2 phantasmal warriors (D:15)
  23 harpies
  A harpy (shapeshifter) (D:14)
  2 wolf spider zombies (D:12)
  6 orc sorcerers
  9 manticores
  An oklob plant (Lair:4)
  9 orc knights
  5 wolf spiders
  6 cyclopes
  A salamander (D:15)
  21 ugly things
  31 fauns
  7 black mambas
  8 elephants
  3 water nymphs
  6 merfolk sirens
  An unseen horror (D:13)
  6 torpor snails
  9 cane toads
  A gargoyle (D:12)
  13 demonic crawlers
  A rime drake (Lair:1)
  An efreet (D:14)
  A tengu conjurer (Shoals:4)
  A freezing wraith (D:15)
  4 komodo dragons
  5 trolls
  15 merfolk
  3 harpy zombies (Shoals:3)
  22 tarantellas
  4 polar bears
  6 meliai (Spider:3)
  8 hornets (Lair:3)
  5 wind drakes
  2 blink frogs (Lair:5)
  A meliai zombie (D:12)
  3 slime creatures (D:15)
  4 dream sheep
  18 jumping spiders
  7 snapping turtles
  3 shadows
  5 vampires
  14 culicivoras
  5 wraiths
  5 wyverns
  33 yaks
  4 water elementals
  6 basilisks
  16 humans (D:13)
  2 steam dragons
  5 hogs (Spider:3)
  36 redbacks
  7 vampire mosquitoes
  3 wargs (Orc:1)
  10 water moccasins
  29 orc warriors
  4 black bears
  4 ice beasts
  2 sky beasts
  A manticore zombie (Shoals:3)
  3 boggarts (D:15)
  8 ogres
  12 wolves
  16 centaurs
  6 bullfrogs
  3 kobold brigands
  3 elf zombies (Ossuary)
  5 scorpions
  2 necrophages
  An elf skeleton (D:7)
  14 killer bees (D:9)
  A howler monkey (D:10)
  5 electric eels
  12 centaur zombies
  2 human zombies (D:7)
  26 orc priests
  2 hounds
  4 gnoll boudas
  2 jellies
  A boggart zombie (D:12)
  2 iguanas
  Terence (D:3)
  25 orc wizards
  2 mummies (Ossuary)
  23 gnolls
  8 adders
  A shadow imp (D:5)
  3 white imps
  2 ufetubi
  2 worms
  83 orcs
  5 endoplasms
  4 giant cockroaches
  5 goblins
  12 hobgoblins
  4 jackals
  2 quokkas
  5 ball pythons
  3 bats
  3 frilled lizards
  A goblin zombie (Ossuary)
  12 hobgoblin zombies (Ossuary)
  2 jackal zombies (Ossuary)
  14 kobolds
  5 kobold zombies (Ossuary)
  2 orc skeletons (D:7)
  10 orc zombies
  4 rats
  A rat zombie (Ossuary)
  2 tentacles (Shoals:1)
947 creatures vanquished.

Vanquished Creatures (collateral kills)
  A broodmother (Spider:2)
  A dire elephant (D:15)
  An entropy weaver (Spider:3)
  A merfolk impaler (Shoals:2)
  A merfolk avatar (Shoals:2)
  A jorogumo (Spider:2)
  5 orb spiders
  A harpy (Shoals:2)
  A cyclops (Shoals:2)
  2 wolf spiders
  A demonic crawler (Spider:2)
  A harpy zombie (Shoals:3)
  3 merfolk (Shoals:2)
  A tarantella (Spider:3)
  A dream sheep (Shoals:2)
  A snapping turtle (Shoals:2)
  2 jumping spiders (Spider:1)
  2 culicivoras (Spider:1)
  A water elemental (Shoals:2)
  4 redbacks
  An orc warrior (Orc:2)
  A manticore zombie (Shoals:3)
  An orc priest (Orc:2)
35 creatures vanquished.

Vanquished Creatures (others)
  A snapping turtle (Shoals:4)
  A jumping spider (Spider:2)
  An orc priest (Orc:2)
  An adder (D:5)
  An orc (Orc:2)
  18 fungi
  186 plants
  9 tentacles (Shoals:1)
  2 withered plants (D:12)
220 creatures vanquished.

Grand Total: 1202 creatures vanquished

Notes
Turn   | Place    | Note
-------+----------+-------------------------------------------
     0 | D:1      | qw the Minotaur Berserker began the quest for the Orb.
     0 | D:1      | Reached XP level 1. HP: 19/19 MP: 0/0
     0 | D:1      | 0 ||| qw: Version: 0.1-a-116-g5d60599
     0 | D:1      | 0 ||| qw: Game counter: 7417
     0 | D:1      | 0 ||| qw: Always use a shield: true
     0 | D:1      | 0 ||| qw: Do Orc after D:15 true
     0 | D:1      | 0 ||| qw: Do second Lair branch before Depths: true
     0 | D:1      | 0 ||| qw: Lair rune preference: random
     0 | D:1      | 0 ||| qw: Plans: Normal
     0 | D:1      | 0 ||| PLANNING D:1-11
   326 | D:1      | Reached XP level 2. HP: 26/26 MP: 1/1
   398 | D:1      | Found a faded altar of an unknown god.
   782 | D:1      | 782 ||| READING scroll labelled YFFOTT HAENT.
   783 | D:1      | 783 ||| READING scroll labelled GEIR KIOHISMIH.
   784 | D:1      | 784 ||| READING scroll labelled MONOCL UWACA.
   785 | D:1      | 785 ||| READING 2 scrolls labelled CEQUGOEFRIU.
   786 | D:1      | 786 ||| READING scroll of enchant weapon.
   786 | D:1      | 786 ||| ENCHANTING +1 hand axe.
   787 | D:1      | 787 ||| DRINKING 2 fuming orange potions.
   788 | D:1      | 788 ||| DRINKING 2 emerald potions.
   789 | D:1      | 789 ||| DROPPING potion of attraction.
   820 | D:2      | 820 ||| INVOKING Berserk.
   826 | D:2      | Reached XP level 3. HP: 22/31 MP: 2/2
   827 | D:2      | HP: 5/46 [gnoll/+0 halberd (11)]
   938 | D:2      | 938 ||| INVOKING Berserk.
  1147 | D:2      | 1147 ||| Stepping ~*~*~tactically~*~*~ (stealth).
  1148 | D:2      | 1148 ||| Stepping ~*~*~tactically~*~*~ (stealth).
  1281 | D:2      | 1281 ||| Stepping ~*~*~tactically~*~*~ (stealth).
  1287 | D:2      | Reached skill level 6 in Axes
  1287 | D:2      | Reached XP level 4. HP: 37/39 MP: 3/3
  1316 | D:2      | 1316 ||| Stepping ~*~*~tactically~*~*~ (stealth).
  1317 | D:2      | 1317 ||| Stepping ~*~*~tactically~*~*~ (stealth).
  1326 | D:2      | 1326 ||| Stepping ~*~*~tactically~*~*~ (stealth).
  1788 | D:2      | 1788 ||| UPGRADING to +0 chain mail.
  1798 | D:2      | 1798 ||| DROPPING +0 animal skin.
  1799 | D:2      | 1799 ||| UPGRADING to +0 plate armour.
  1809 | D:2      | 1809 ||| DROPPING +0 chain mail.
  1810 | D:2      | 1810 ||| READING scroll labelled QONTE CAWN.
  1811 | D:2      | 1811 ||| READING scroll labelled ROPRUW JAD WIACY.
  1812 | D:2      | 1812 ||| Stepping randomly (stuck).
  1813 | D:2      | 1813 ||| Stepping randomly (stuck).
  1814 | D:2      | 1814 ||| Stepping randomly (stuck).
  1815 | D:2      | 1815 ||| Stepping randomly (stuck).
  1816 | D:2      | 1816 ||| Stepping randomly (stuck).
  1817 | D:2      | 1817 ||| Stepping ~*~*~tactically~*~*~ (cloud).
  1957 | D:3      | 1957 ||| STAIRDANCE
  2077 | D:3      | Reached ** piety under Trog
  2183 | D:3      | 2183 ||| Stepping ~*~*~tactically~*~*~ (stealth).
  2185 | D:3      | 2185 ||| Stepping ~*~*~tactically~*~*~ (stealth).
  2203 | D:3      | Noticed Terence
  2209 | D:3      | 2209 ||| INVOKING Berserk.
  2211 | D:3      | Killed Terence
  2212 | D:3      | Reached XP level 5. HP: 45/45 MP: 4/4
  2358 | D:3      | 2358 ||| Stepping ~*~*~tactically~*~*~ (stealth).
  2402 | D:3      | Reached skill level 4 in Fighting
  2782 | D:3      | 2782 ||| DRINKING 3 coppery potions.
  2783 | D:3      | 2783 ||| DROPPING 2 potions of brilliance.
  2894 | D:4      | Reached skill level 1 in Throwing
  2896 | D:4      | Found a runed translucent door.
  3081 | D:4      | Reached skill level 3 in Armour
  3081 | D:4      | Reached XP level 6. HP: 52/52 MP: 5/5
  3222 | D:4      | Found a burning altar of Makhleb.
  3224 | D:4      | Found a glowing golden altar of the Shining One.
  3285 | D:4      | 3285 ||| Stepping ~*~*~tactically~*~*~ (stealth).
  3391 | D:4      | Found the +7 Kryia's mail coat {PotionHeal*2 rC+}
  3558 | D:4      | Noticed qw's ghost (amateur GrFi)
  3560 | D:4      | 3560 ||| UPGRADING to +7 Kryia's mail coat {PotionHeal*2
                  | rC+}.
  3570 | D:4      | 3570 ||| READING scroll labelled XUOT WUZOLUNNI.
  3571 | D:4      | 3571 ||| READING scroll labelled ATTEUG CENLAPP.
  3572 | D:4      | 3572 ||| DRINKING 2 black potions.
  3601 | D:5      | Entered Level 5 of the Dungeon
  3602 | D:5      | 3602 ||| STAIRDANCE
  3604 | D:4      | 3604 ||| INVOKING Berserk.
  3713 | D:5      | 3713 ||| INVOKING Berserk.
  3722 | D:5      | 3722 ||| STAIRDANCE
  3828 | D:5      | 3828 ||| DROPPING +0 whip.
  3839 | D:5      | 3839 ||| Stepping ~*~*~tactically~*~*~ (hiding).
  3953 | D:5      | Reached XP level 7. HP: 53/59 MP: 6/6
  3996 | D:5      | Reached skill level 9 in Axes
  4044 | D:5      | Found Kyopo's Jewellery Shoppe.
  4065 | D:5      | 4065 ||| SHOPLISTING amulet of guardian spirit (420 gold,
                  | have 203).
  4065 | D:5      | 4065 ||| SHOPLISTING ring "Meneptisch" {MP+9 Str+3} (466
                  | gold, have 203).
  4065 | D:5      | 4065 ||| SHOPLISTING ring of fire (350 gold, have 203).
  4065 | D:5      | 4065 ||| SHOPLISTING ring of poison resistance (280 gold,
                  | have 203).
  4225 | D:5      | 4225 ||| INVOKING Berserk.
  4233 | D:5      | Reached skill level 5 in Fighting
  4376 | D:5      | 4376 ||| Stepping ~*~*~tactically~*~*~ (hiding).
  4378 | D:5      | 4378 ||| Stepping ~*~*~tactically~*~*~ (hiding).
  4380 | D:5      | 4380 ||| Stepping ~*~*~tactically~*~*~ (hiding).
  4384 | D:5      | 4384 ||| INVOKING Berserk.
  4528 | D:5      | 4528 ||| INVOKING Berserk.
  4558 | D:5      | 4558 ||| Stepping ~*~*~tactically~*~*~ (cloud).
  4756 | D:5      | Noticed a wyvern
  4775 | D:5      | Killed a wyvern
  4776 | D:5      | Reached XP level 8. HP: 53/68 MP: 7/7
  5075 | D:5      | 5075 ||| Stepping ~*~*~tactically~*~*~ (cloud).
  5077 | D:5      | 5077 ||| Stepping ~*~*~tactically~*~*~ (cloud).
  5079 | D:5      | 5079 ||| Stepping ~*~*~tactically~*~*~ (cloud).
  5080 | D:5      | 5080 ||| Stepping ~*~*~tactically~*~*~ (cloud).
  5163 | D:5      | 5163 ||| UPGRADING to +0 pair of gloves.
  5168 | D:5      | 5168 ||| DRINKING 2 lumpy golden potions.
  5197 | D:5      | 5197 ||| DRINKING 2 grey potions.
  5197 | D:5      | Gained mutation: You expend magic power (3 MP) to
                  | strengthen your wands. [potion of mutation]
  5197 | D:5      | Gained mutation: Your mind is acute. (Int +4, Str/Dex -1)
                  | [potion of mutation]
  5198 | D:5      | 5198 ||| DROPPING potion of lignification.
  5244 | D:6      | 5244 ||| Stepping ~*~*~tactically~*~*~ (stealth).
  5245 | D:6      | 5245 ||| STAIRDANCE
  5258 | D:6      | 5258 ||| STAIRDANCE
  5345 | D:6      | Reached skill level 6 in Fighting
  5370 | D:6      | Identified the +7 hand axe "Worm's Wrath" {flame, *Noise
                  | Str+9 SInv Stlth-}
  5372 | D:6      | 5372 ||| SWAPPING to +7 hand axe "Worm's Wrath" {flame,
                  | *Noise Str+9 SInv Stlth-}.
  5373 | D:6      | 5373 ||| DROPPING +0 flail.
  5374 | D:6      | 5374 ||| DROPPING +2 hand axe.
  5411 | D:6      | 5411 ||| INVOKING Berserk.
  5534 | D:6      | Found Jughaim's Tremendous Tomes.
  5826 | D:6      | Found a staircase to the Ecumenical Temple.
  5888 | D:6      | 5888 ||| Stepping ~*~*~tactically~*~*~ (stealth).
  5898 | D:6      | Reached skill level 12 in Axes
  5921 | D:6      | 5921 ||| FLEEEEING.
  5922 | D:6      | 5922 ||| FLEEEEING.
  5923 | D:6      | 5923 ||| FLEEEEING.
  5924 | D:6      | 5924 ||| FLEEEEING.
  6034 | D:6      | 6034 ||| INVOKING Berserk.
  6042 | D:6      | Reached *** piety under Trog
  6205 | D:6      | 6205 ||| FLEEEEING.
  6206 | D:6      | 6206 ||| FLEEEEING.
  6279 | D:6      | Reached skill level 7 in Fighting
  6427 | D:6      | 6427 ||| READING 3 scrolls labelled URCHIEMM CYKICIEL.
  6428 | D:6      | 6428 ||| DROPPING 2 scrolls of butterflies.
  6459 | D:7      | 6459 ||| PLANNING OSSUARY
  6489 | D:7      | 6489 ||| Stepping ~*~*~tactically~*~*~ (hiding).
  6606 | D:7      | Found a shimmering blue altar of Sif Muna.
  6665 | D:7      | Reached XP level 9. HP: 79/79 MP: 8/8
  6686 | D:7      | Found a sand-covered staircase.
  6688 | D:7      | 6688 ||| READING scroll labelled CIZOPP WASUL.
  6749 | Ossuary  | Entered an ossuary
  6822 | Ossuary  | 6822 ||| Stepping ~*~*~tactically~*~*~ (stealth).
  6824 | Ossuary  | 6824 ||| Stepping ~*~*~tactically~*~*~ (stealth).
  6855 | Ossuary  | Reached **** piety under Trog
  6994 | Ossuary  | Reached skill level 3 in Throwing
  7080 | Ossuary  | 7080 ||| READING 2 scrolls labelled FELIVE ZABU.
  7081 | Ossuary  | 7081 ||| DRINKING 2 smoky cyan potions.
  7082 | Ossuary  | 7082 ||| DRINKING 2 golden potions.
  7096 | D:7      | 7096 ||| PLANNING D:1-11
  7294 | D:7      | 7294 ||| Stepping ~*~*~tactically~*~*~ (stealth).
  7299 | D:7      | 7299 ||| Stepping ~*~*~tactically~*~*~ (stealth).
  7309 | D:7      | 7309 ||| Stepping ~*~*~tactically~*~*~ (hiding).
  7310 | D:7      | 7310 ||| Stepping ~*~*~tactically~*~*~ (hiding).
  7317 | D:7      | 7317 ||| INVOKING Berserk.
  7453 | D:7      | 7453 ||| INVOKING Berserk.
  7455 | D:7      | Reached skill level 8 in Fighting
  7782 | D:7      | 7782 ||| Stepping ~*~*~tactically~*~*~ (hiding).
  7785 | D:7      | 7785 ||| INVOKING Berserk.
  7853 | D:7      | 7853 ||| Stepping ~*~*~tactically~*~*~ (stealth).
  7854 | D:7      | 7854 ||| Stepping ~*~*~tactically~*~*~ (stealth).
  7861 | D:7      | Found an iron altar of Okawaru.
  7887 | D:7      | 7887 ||| Stepping ~*~*~tactically~*~*~ (stealth).
  7892 | D:7      | Reached skill level 3 in Dodging
  8054 | D:7      | Found a snail-covered altar of Cheibriados.
  8054 | D:7      | Found a bloodstained altar of Trog.
  8065 | D:7      | 8065 ||| READING 2 scrolls of identify.
  8065 | D:7      | 8065 ||| IDENTIFYING fizzy green potion
  8066 | D:7      | 8066 ||| DROPPING potion of degeneration.
  8201 | D:8      | 8201 ||| INVOKING Berserk.
  8352 | D:8      | 8352 ||| Stepping ~*~*~tactically~*~*~ (stealth).
  8377 | D:8      | Found a glowing silver altar of Zin.
  8444 | D:8      | 8444 ||| Stepping ~*~*~tactically~*~*~ (hiding).
  8449 | D:8      | 8449 ||| INVOKING Berserk.
  8625 | D:8      | You fall into a shaft and drop 1 floor!
  8710 | D:9      | 8710 ||| Stepping ~*~*~tactically~*~*~ (stealth).
  8711 | D:9      | 8711 ||| Stepping ~*~*~tactically~*~*~ (stealth).
  8721 | D:9      | 8721 ||| Stepping ~*~*~tactically~*~*~ (hiding).
  8722 | D:9      | 8722 ||| INVOKING Berserk.
  8795 | D:9      | 8795 ||| UPGRADING to +0 pair of boots.
  8800 | D:9      | 8800 ||| UPGRADING to ring of protection from fire.
  8801 | D:9      | 8801 ||| UPGRADING to +6 ring of dexterity.
  8953 | D:8      | Found Tocaj's General Store.
  8961 | D:8      | 8961 ||| SHOPLISTING +4 ring of protection (540 gold, have
                  | 502).
  8961 | D:8      | 8961 ||| BUYING 2 scrolls of identify (60 gold).
  8961 | D:8      | Bought 2 scrolls of identify for 60 gold pieces
  8961 | D:8      | 8961 ||| BUYING potion of haste (150 gold).
  8961 | D:8      | Bought a potion of haste for 150 gold pieces
  9366 | D:9      | Reached XP level 10. HP: 90/90 MP: 9/9
  9369 | D:9      | 9369 ||| INVOKING Berserk.
  9374 | D:9      | Reached skill level 9 in Fighting
  9850 | D:9      | 9850 ||| UPGRADING to +0 buckler.
  9855 | D:9      | 9855 ||| READING scroll labelled MUDOUL ROIL.
  9867 | D:10     | Entered Level 10 of the Dungeon
  9900 | D:10     | 9900 ||| Stepping ~*~*~tactically~*~*~ (hiding).
 10023 | D:10     | Reached skill level 1 in Shields
 10091 | D:10     | 10091 ||| Stepping ~*~*~tactically~*~*~ (stealth).
 10093 | D:10     | 10093 ||| Stepping ~*~*~tactically~*~*~ (stealth).
 10105 | D:10     | Reached skill level 3 in Shields
 10107 | D:10     | 10107 ||| Stepping ~*~*~tactically~*~*~ (stealth).
 10122 | D:10     | 10122 ||| FLEEEEING.
 10123 | D:10     | 10123 ||| FLEEEEING.
 10124 | D:10     | 10124 ||| FLEEEEING.
 10125 | D:10     | 10125 ||| FLEEEEING.
 10127 | D:10     | 10127 ||| FLEEEEING.
 10137 | D:10     | Reached skill level 6 in Shields
 10145 | D:10     | 10145 ||| FLEEEEING.
 10146 | D:10     | 10146 ||| FLEEEEING.
 10147 | D:10     | 10147 ||| FLEEEEING.
 10148 | D:10     | 10148 ||| FLEEEEING.
 10149 | D:10     | 10149 ||| FLEEEEING.
 10150 | D:10     | 10150 ||| FLEEEEING.
 10151 | D:10     | 10151 ||| FLEEEEING.
 10152 | D:10     | 10152 ||| FLEEEEING.
 10153 | D:10     | 10153 ||| FLEEEEING.
 10154 | D:10     | 10154 ||| FLEEEEING.
 10155 | D:10     | 10155 ||| FLEEEEING.
 10156 | D:10     | 10156 ||| FLEEEEING.
 10157 | D:10     | 10157 ||| FLEEEEING.
 10158 | D:10     | 10158 ||| FLEEEEING.
 10159 | D:10     | 10159 ||| FLEEEEING.
 10160 | D:10     | 10160 ||| FLEEEEING.
 10161 | D:10     | 10161 ||| FLEEEEING.
 10162 | D:10     | 10162 ||| FLEEEEING.
 10163 | D:10     | 10163 ||| FLEEEEING.
 10164 | D:10     | 10164 ||| FLEEEEING.
 10165 | D:10     | 10165 ||| STAIRDANCE
 10218 | D:10     | 10218 ||| STAIRDANCE
 10228 | D:10     | 10228 ||| STAIRDANCE
 10234 | D:9      | Reached skill level 10 in Fighting
 10243 | D:10     | 10243 ||| STAIRDANCE
 10345 | D:10     | 10345 ||| Stepping ~*~*~tactically~*~*~ (stealth).
 10347 | D:10     | 10347 ||| Stepping ~*~*~tactically~*~*~ (stealth).
 10349 | D:10     | 10349 ||| Stepping ~*~*~tactically~*~*~ (stealth).
 10352 | D:10     | 10352 ||| Stepping ~*~*~tactically~*~*~ (hiding).
 10356 | D:10     | 10356 ||| Stepping ~*~*~tactically~*~*~ (hiding).
 10357 | D:10     | 10357 ||| Stepping ~*~*~tactically~*~*~ (hiding).
 10365 | D:10     | Reached skill level 6 in Dodging
 10365 | D:10     | 10365 ||| INVOKING Berserk.
 10512 | D:10     | 10512 ||| FLEEEEING.
 10513 | D:10     | 10513 ||| FLEEEEING.
 10514 | D:10     | 10514 ||| FLEEEEING.
 10515 | D:10     | 10515 ||| FLEEEEING.
 10516 | D:10     | 10516 ||| FLEEEEING.
 10517 | D:10     | 10517 ||| FLEEEEING.
 10768 | D:10     | 10768 ||| FLEEEEING.
 10769 | D:10     | 10769 ||| DRINKING 6 potions of curing.
 10769 | D:10     | 10769 ||| (to cure confusion)
 10776 | D:10     | 10776 ||| DRINKING 3 potions of cancellation.
 10776 | D:10     | HP: 17/93 [electric eel/bolt of electricity (12)]
 10776 | D:10     | HP: 6/93 [electric eel/bolt of electricity (11)]
 10777 | D:10     | 10777 ||| READING 3 scrolls of teleportation.
 10778 | D:10     | 10778 ||| DRINKING 3 potions of heal wounds.
 10779 | D:10     | 10779 ||| INVOKING Berserk.
 11000 | D:10     | Found a staircase to the Lair.
 11004 | D:10     | 11004 ||| DRINKING 2 potions of cancellation.
 11006 | D:10     | 11006 ||| DRINKING potion of cancellation.
 11101 | D:10     | 11101 ||| Stepping ~*~*~tactically~*~*~ (stealth).
 11106 | D:10     | 11106 ||| Stepping ~*~*~tactically~*~*~ (stealth).
 11107 | D:10     | 11107 ||| Stepping ~*~*~tactically~*~*~ (stealth).
 11110 | D:10     | Found a blossoming altar of Fedhas.
 11148 | D:10     | 11148 ||| FLEEEEING.
 11149 | D:10     | 11149 ||| FLEEEEING.
 11150 | D:10     | 11150 ||| FLEEEEING.
 11151 | D:10     | 11151 ||| FLEEEEING.
 11152 | D:10     | 11152 ||| STAIRDANCE
 11309 | D:9      | 11309 ||| UPGRADING to +4 ring of protection.
 11311 | D:9      | 11311 ||| UPGRADING to ring of protection from fire.
 11317 | D:10     | 11317 ||| FLEEEEING.
 11318 | D:10     | 11318 ||| FLEEEEING.
 11319 | D:10     | 11319 ||| STAIRDANCE
 11440 | D:10     | 11440 ||| STAIRDANCE
 11486 | D:10     | 11486 ||| FLEEEEING.
 11487 | D:10     | 11487 ||| FLEEEEING.
 11488 | D:10     | 11488 ||| FLEEEEING.
 11489 | D:10     | 11489 ||| STAIRDANCE
 11562 | D:10     | 11562 ||| STAIRDANCE
 11606 | D:10     | 11606 ||| FLEEEEING.
 11607 | D:10     | 11607 ||| STAIRDANCE
 11669 | D:10     | 11669 ||| FLEEEEING.
 11670 | D:10     | 11670 ||| STAIRDANCE
 11863 | D:10     | 11863 ||| FLEEEEING.
 11864 | D:10     | 11864 ||| FLEEEEING.
 11865 | D:10     | 11865 ||| FLEEEEING.
 11866 | D:10     | 11866 ||| FLEEEEING.
 11867 | D:10     | 11867 ||| STAIRDANCE
 12076 | D:10     | 12076 ||| FLEEEEING.
 12077 | D:10     | 12077 ||| FLEEEEING.
 12078 | D:10     | 12078 ||| STAIRDANCE
 12122 | D:10     | 12122 ||| FLEEEEING.
 12123 | D:10     | 12123 ||| STAIRDANCE
 12248 | D:10     | 12248 ||| STAIRDANCE
 12323 | D:10     | 12323 ||| STAIRDANCE
 12386 | D:10     | 12386 ||| STAIRDANCE
 12455 | D:10     | 12455 ||| FLEEEEING.
 12456 | D:10     | 12456 ||| FLEEEEING.
 12457 | D:10     | 12457 ||| STAIRDANCE
 12573 | D:10     | 12573 ||| FLEEEEING.
 12574 | D:10     | 12574 ||| STAIRDANCE
 12679 | D:10     | 12679 ||| STAIRDANCE
 12767 | D:10     | 12767 ||| FLEEEEING.
 12769 | D:10     | 12769 ||| FLEEEEING.
 12771 | D:10     | 12771 ||| FLEEEEING.
 12773 | D:10     | 12773 ||| FLEEEEING.
 12775 | D:10     | 12775 ||| FLEEEEING.
 12777 | D:10     | 12777 ||| FLEEEEING.
 12779 | D:10     | 12779 ||| FLEEEEING.
 12779 | D:10     | HP: 22/93 [electric eel/bolt of electricity (7)]
 12780 | D:10     | 12780 ||| READING 2 scrolls of teleportation.
 12780 | D:10     | HP: 5/93 [electric eel/bolt of electricity (8)]
 12781 | D:10     | 12781 ||| DRINKING 2 potions of heal wounds.
 12977 | D:10     | 12977 ||| FLEEEEING.
 12978 | D:10     | 12978 ||| FLEEEEING.
 12979 | D:10     | 12979 ||| FLEEEEING.
 12980 | D:10     | 12980 ||| INVOKING Berserk.
 13445 | D:10     | Found a portal to a secret trove of treasure.
 13446 | D:10     | 13446 ||| PLANNING LAIR
 13446 | D:10     | 13446 ||| READING scroll labelled SUTSAUB KEPY.
 13447 | D:10     | 13447 ||| DRINKING 2 lumpy white potions.
 13551 | D:10     | 13551 ||| DROPPING potion of berserk rage.
 13620 | Lair:1   | Entered Level 1 of the Lair of Beasts
 13620 | Lair:1   | Noticed a death yak
 13620 | Lair:1   | Noticed a death yak
 13620 | Lair:1   | Noticed a death yak
 13620 | Lair:1   | Noticed a death yak
 13620 | Lair:1   | Noticed a death yak
 13620 | Lair:1   | Noticed a death yak
 13624 | Lair:1   | 13624 ||| INVOKING Berserk.
 13628 | Lair:1   | Killed a death yak
 13629 | Lair:1   | Reached skill level 6 in Armour
 13629 | Lair:1   | Reached XP level 11. HP: 99/99 MP: 10/10
 13631 | Lair:1   | Killed a death yak
 13635 | Lair:1   | Killed a death yak
 13636 | Lair:1   | Killed a death yak
 13638 | Lair:1   | Killed a death yak
 13639 | Lair:1   | Reached skill level 11 in Fighting
 13640 | Lair:1   | Killed a death yak
 13826 | Lair:1   | 13826 ||| INVOKING Berserk.
 13965 | Lair:1   | 13965 ||| INVOKING Berserk.
 14181 | Lair:1   | Reached skill level 12 in Fighting
 14183 | Lair:1   | 14183 ||| INVOKING Berserk.
 14325 | Lair:1   | Found a hide-covered altar of Uskayaw.
 14326 | Lair:1   | Found an ornate altar of the Wu Jian Council.
 14327 | Lair:1   | Noticed a boulder beetle
 14328 | Lair:1   | 14328 ||| Stepping ~*~*~tactically~*~*~ (stealth).
 14334 | Lair:1   | 14334 ||| INVOKING Berserk.
 14341 | Lair:1   | Killed a boulder beetle
 14361 | Lair:1   | HP: 20/105 [poisoned by a cane toad]
 14366 | Lair:1   | HP: 8/105 [poisoned by a cane toad]
 14818 | Lair:1   | 14818 ||| INVOKING Berserk.
 15211 | Lair:1   | 15211 ||| DRINKING 3 inky potions.
 15212 | Lair:1   | 15212 ||| DROPPING 2 potions of invisibility.
 15261 | Lair:2   | 15261 ||| Stepping ~*~*~tactically~*~*~ (hiding).
 15273 | Lair:2   | Reached skill level 13 in Fighting
 15297 | Lair:2   | 15297 ||| Stepping ~*~*~tactically~*~*~ (hiding).
 15347 | Lair:2   | 15347 ||| Stepping ~*~*~tactically~*~*~ (stealth).
 15349 | Lair:2   | 15349 ||| Stepping ~*~*~tactically~*~*~ (stealth).
 15366 | Lair:2   | 15366 ||| Stepping ~*~*~tactically~*~*~ (stealth).
 15379 | Lair:2   | 15379 ||| INVOKING Berserk.
 15517 | Lair:2   | 15517 ||| Stepping ~*~*~tactically~*~*~ (stealth).
 15595 | Lair:2   | Reached XP level 12. HP: 115/115 MP: 11/11
 15762 | Lair:2   | 15762 ||| INVOKING Berserk.
 15887 | Lair:2   | Reached skill level 9 in Shields
 16261 | Lair:2   | 16261 ||| READING 10 scrolls of identify.
 16261 | Lair:2   | 16261 ||| IDENTIFYING bubbling ruby potion
 16262 | Lair:2   | 16262 ||| DROPPING potion of flight.
 16289 | Lair:3   | 16289 ||| Stepping ~*~*~tactically~*~*~ (hiding).
 16291 | Lair:3   | 16291 ||| INVOKING Berserk.
 16298 | Lair:3   | Reached skill level 6 in Throwing
 16351 | Lair:3   | Found a staircase to the Shoals.
 16467 | Lair:3   | Found a shimmering altar of Xom.
 16503 | Lair:3   | Found a hole to the Spider Nest.
 16504 | Lair:3   | 16504 ||| INVOKING Brothers in Arms.
 16505 | Lair:3   | 16505 ||| INVOKING Brothers in Arms.
 16506 | Lair:3   | 16506 ||| INVOKING Brothers in Arms.
 16507 | Lair:3   | 16507 ||| INVOKING Brothers in Arms.
 16508 | Lair:3   | 16508 ||| INVOKING Brothers in Arms.
 16509 | Lair:3   | 16509 ||| INVOKING Brothers in Arms.
 16812 | Lair:3   | Paralysed by a hornet for 2 turns
 16819 | Lair:3   | 16819 ||| INVOKING Berserk.
 16824 | Lair:3   | Reached skill level 14 in Fighting
 17370 | Lair:3   | 17370 ||| UPGRADING to amulet of reflection.
 17455 | Lair:4   | Reached skill level 9 in Armour
 17486 | Lair:4   | Found a shimmering altar of Xom.
 17491 | Lair:4   | 17491 ||| INVOKING Berserk.
 17706 | Lair:4   | Found a viscous altar of Jiyva.
 17707 | Lair:4   | Found a staircase to the Slime Pits.
 18023 | Lair:4   | 18023 ||| Stepping ~*~*~tactically~*~*~ (stealth).
 18029 | Lair:4   | Reached skill level 15 in Fighting
 18434 | Lair:4   | 18434 ||| DROPPING ring of positive energy.
 18435 | Lair:4   | 18435 ||| READING scroll labelled SAXKEN TEHO.
 18436 | Lair:4   | 18436 ||| READING 9 scrolls of identify.
 18436 | Lair:4   | 18436 ||| IDENTIFYING red potion
 18437 | Lair:4   | 18437 ||| DROPPING potion of magic.
 18454 | Lair:5   | Entered Level 5 of the Lair of Beasts
 18454 | Lair:5   | Noticed a catoblepas
 18455 | Lair:5   | 18455 ||| INVOKING Berserk.
 18458 | Lair:5   | Killed a catoblepas
 18553 | Lair:5   | 18553 ||| Stepping ~*~*~tactically~*~*~ (stealth).
 18555 | Lair:5   | 18555 ||| Stepping ~*~*~tactically~*~*~ (stealth).
 18556 | Lair:5   | 18556 ||| Stepping ~*~*~tactically~*~*~ (stealth).
 18585 | Lair:5   | 18585 ||| Stepping ~*~*~tactically~*~*~ (stealth).
 18728 | Lair:5   | Noticed a six-headed hydra
 18731 | Lair:5   | 18731 ||| INVOKING Berserk.
 18736 | Lair:5   | Killed a two-headed hydra
 18995 | Lair:5   | Noticed a seven-headed hydra
 18998 | Lair:5   | 18998 ||| Stepping ~*~*~tactically~*~*~ (stealth).
 19004 | Lair:5   | 19004 ||| INVOKING Berserk.
 19009 | Lair:5   | Reached XP level 13. HP: 126/126 MP: 12/12
 19119 | Lair:5   | 19119 ||| Stepping ~*~*~tactically~*~*~ (stealth).
 19122 | Lair:5   | 19122 ||| Stepping ~*~*~tactically~*~*~ (hiding).
 19124 | Lair:5   | 19124 ||| INVOKING Berserk.
 19386 | Lair:5   | 19386 ||| Stepping ~*~*~tactically~*~*~ (stealth).
 19388 | Lair:5   | 19388 ||| Stepping ~*~*~tactically~*~*~ (stealth).
 19391 | Lair:5   | 19391 ||| Stepping ~*~*~tactically~*~*~ (stealth).
 19405 | Lair:5   | Reached skill level 16 in Fighting
 19459 | Lair:5   | 19459 ||| Stepping ~*~*~tactically~*~*~ (hiding).
 19466 | Lair:5   | 19466 ||| INVOKING Berserk.
 19496 | Lair:5   | 19496 ||| Stepping ~*~*~tactically~*~*~ (hiding).
 19501 | Lair:5   | 19501 ||| Stepping ~*~*~tactically~*~*~ (cloud).
 19503 | Lair:5   | 19503 ||| Stepping ~*~*~tactically~*~*~ (cloud).
 19506 | Lair:5   | 19506 ||| Stepping ~*~*~tactically~*~*~ (cloud).
 19507 | Lair:5   | 19507 ||| Stepping ~*~*~tactically~*~*~ (cloud).
 19513 | Lair:5   | 19513 ||| Stepping ~*~*~tactically~*~*~ (cloud).
 19525 | Lair:5   | 19525 ||| FLEEEEING.
 19526 | Lair:5   | 19526 ||| FLEEEEING.
 19533 | Lair:5   | 19533 ||| INVOKING Berserk.
 19545 | Lair:5   | Noticed a dire elephant
 19550 | Lair:5   | HP: 22/129 [dire elephant (22)]
 19551 | Lair:5   | 19551 ||| READING 7 scrolls of teleportation.
 19551 | Lair:5   | HP: 3/129 [dire elephant (19)]
 19552 | Lair:5   | 19552 ||| DRINKING 6 potions of heal wounds.
 19901 | Lair:5   | 19901 ||| Stepping ~*~*~tactically~*~*~ (stealth).
 19906 | Lair:5   | 19906 ||| INVOKING Berserk.
 20249 | Lair:5   | 20249 ||| Stepping ~*~*~tactically~*~*~ (hiding).
 20250 | Lair:5   | 20250 ||| Stepping ~*~*~tactically~*~*~ (hiding).
 20253 | Lair:5   | 20253 ||| INVOKING Berserk.
 20365 | Lair:5   | 20365 ||| INVOKING Berserk.
 20373 | Lair:5   | Killed a dire elephant
 20490 | Lair:5   | Identified the +4 falchion of Harmony {flame, Will+ rCorr
                  | Str+7 Stlth-}
 20694 | Lair:5   | 20694 ||| PLANNING D:1-11
 20694 | Lair:5   | 20694 ||| READING scroll labelled VUXEIT YSOIBB.
 21004 | D:11     | Reached skill level 17 in Fighting
 21158 | D:11     | 21158 ||| FLEEEEING.
 21172 | D:11     | 21172 ||| FLEEEEING.
 21175 | D:11     | 21175 ||| STAIRDANCE
 21289 | D:11     | Noticed Urug
 21297 | D:11     | 21297 ||| INVOKING Berserk.
 21301 | D:11     | Killed Urug
 21552 | D:11     | 21552 ||| PLANNING D
 21552 | D:11     | 21552 ||| DROPPING amulet of magic regeneration.
 21581 | D:12     | 21581 ||| STAIRDANCE
 21594 | D:12     | 21594 ||| STAIRDANCE
 21637 | D:12     | 21637 ||| Stepping ~*~*~tactically~*~*~ (stealth).
 21640 | D:12     | 21640 ||| Stepping ~*~*~tactically~*~*~ (stealth).
 21654 | D:12     | 21654 ||| INVOKING Berserk.
 21824 | D:12     | 21824 ||| Stepping ~*~*~tactically~*~*~ (stealth).
 21854 | D:12     | 21854 ||| Stepping ~*~*~tactically~*~*~ (stealth).
 21887 | D:12     | 21887 ||| Stepping ~*~*~tactically~*~*~ (hiding).
 21899 | D:12     | 21899 ||| Stepping ~*~*~tactically~*~*~ (hiding).
 21900 | D:12     | 21900 ||| Stepping ~*~*~tactically~*~*~ (hiding).
 21902 | D:12     | 21902 ||| Stepping ~*~*~tactically~*~*~ (hiding).
 21922 | D:12     | 21922 ||| FLEEEEING.
 21926 | D:12     | 21926 ||| FLEEEEING.
 21927 | D:12     | 21927 ||| FLEEEEING.
 21939 | D:12     | 21939 ||| FLEEEEING.
 21940 | D:12     | 21940 ||| FLEEEEING.
 21941 | D:12     | 21941 ||| FLEEEEING.
 21942 | D:12     | 21942 ||| FLEEEEING.
 21943 | D:12     | 21943 ||| FLEEEEING.
 21945 | D:12     | 21945 ||| FLEEEEING.
 21946 | D:12     | 21946 ||| FLEEEEING.
 21947 | D:12     | 21947 ||| FLEEEEING.
 21948 | D:12     | 21948 ||| FLEEEEING.
 21949 | D:12     | 21949 ||| FLEEEEING.
 21950 | D:12     | 21950 ||| FLEEEEING.
 21951 | D:12     | 21951 ||| FLEEEEING.
 21952 | D:12     | 21952 ||| FLEEEEING.
 21953 | D:12     | 21953 ||| FLEEEEING.
 21954 | D:12     | 21954 ||| FLEEEEING.
 21955 | D:12     | 21955 ||| FLEEEEING.
 22041 | D:12     | 22041 ||| Stepping ~*~*~tactically~*~*~ (stealth).
 22043 | D:12     | 22043 ||| Stepping ~*~*~tactically~*~*~ (stealth).
 22050 | D:12     | 22050 ||| Stepping ~*~*~tactically~*~*~ (stealth).
 22073 | D:12     | 22073 ||| FLEEEEING.
 22075 | D:12     | 22075 ||| FLEEEEING.
 22076 | D:12     | 22076 ||| FLEEEEING.
 22077 | D:12     | 22077 ||| FLEEEEING.
 22078 | D:12     | 22078 ||| FLEEEEING.
 22079 | D:12     | 22079 ||| FLEEEEING.
 22083 | D:12     | 22083 ||| FLEEEEING.
 22084 | D:12     | 22084 ||| FLEEEEING.
 22160 | D:12     | Found a staircase to the Orcish Mines.
 22163 | D:12     | Reached ***** piety under Trog
 22464 | D:12     | Found the dreamshard necklace {*Dream Drain}
 22481 | D:12     | 22481 ||| Stepping ~*~*~tactically~*~*~ (hiding).
 22489 | D:12     | Reached XP level 14. HP: 128/141 MP: 13/13
 22555 | D:12     | Reached skill level 18 in Fighting
 22588 | D:12     | 22588 ||| Stepping ~*~*~tactically~*~*~ (hiding).
 22590 | D:12     | 22590 ||| Stepping ~*~*~tactically~*~*~ (hiding).
 22591 | D:12     | 22591 ||| Stepping ~*~*~tactically~*~*~ (hiding).
 22790 | D:12     | 22790 ||| Stepping ~*~*~tactically~*~*~ (stealth).
 22918 | D:12     | 22918 ||| READING scroll labelled GIX WAUCZON.
 22922 | D:12     | Noticed a ghost moth
 23136 | D:13     | Found a gate to the Vaults.
 23137 | D:13     | 23137 ||| INVOKING Berserk.
 23147 | D:13     | Reached skill level 9 in Dodging
 23158 | D:13     | 23158 ||| STAIRDANCE
 23272 | D:13     | 23272 ||| STAIRDANCE
 23274 | D:13     | 23274 ||| STAIRDANCE
 23276 | D:13     | 23276 ||| STAIRDANCE
 23278 | D:12     | 23278 ||| DRINKING 6 potions of curing.
 23278 | D:12     | 23278 ||| (to cure confusion)
 23672 | D:13     | Found a frozen archway.
 23673 | D:13     | 23673 ||| Stepping ~*~*~tactically~*~*~ (stealth).
 23693 | D:13     | 23693 ||| INVOKING Berserk.
 23800 | D:13     | 23800 ||| Stepping ~*~*~tactically~*~*~ (stealth).
 23802 | D:13     | 23802 ||| INVOKING Brothers in Arms.
 23803 | D:13     | 23803 ||| INVOKING Berserk.
 23808 | D:13     | Reached skill level 9 in Throwing
 24013 | D:14     | 24013 ||| INVOKING Berserk.
 24022 | D:14     | 24022 ||| Stepping ~*~*~tactically~*~*~ (stealth).
 24135 | D:14     | 24135 ||| FLEEEEING.
 24136 | D:14     | 24136 ||| STAIRDANCE
 24179 | D:14     | 24179 ||| STAIRDANCE
 24228 | D:14     | Found a broken altar of Ashenzari.
 24271 | D:14     | 24271 ||| Stepping ~*~*~tactically~*~*~ (stealth).
 24272 | D:14     | 24272 ||| Stepping ~*~*~tactically~*~*~ (stealth).
 24277 | D:14     | 24277 ||| INVOKING Brothers in Arms.
 24278 | D:14     | 24278 ||| INVOKING Brothers in Arms.
 24280 | D:14     | 24280 ||| INVOKING Brothers in Arms.
 24281 | D:14     | 24281 ||| INVOKING Brothers in Arms.
 24289 | D:14     | 24289 ||| INVOKING Berserk.
 24337 | D:14     | 24337 ||| Stepping ~*~*~tactically~*~*~ (stealth).
 24349 | D:14     | Reached skill level 19 in Fighting
 24603 | D:14     | 24603 ||| Stepping ~*~*~tactically~*~*~ (stealth).
 24604 | D:14     | 24604 ||| Stepping ~*~*~tactically~*~*~ (stealth).
 24607 | D:14     | 24607 ||| Stepping ~*~*~tactically~*~*~ (stealth).
 24694 | D:14     | Found a transporter.
 24696 | D:14     | Noticed a fire giant
 24696 | D:14     | Noticed qw's ghost (journeyman GrFi)
 24699 | D:14     | Found a transporter.
 24738 | D:14     | 24738 ||| Stepping ~*~*~tactically~*~*~ (hiding).
 24739 | D:14     | 24739 ||| Stepping ~*~*~tactically~*~*~ (hiding).
 24801 | D:14     | Identified the +3 cloak "Issixile" {MP+9}
 24815 | D:14     | 24815 ||| FLEEEEING.
 24816 | D:14     | 24816 ||| FLEEEEING.
 24817 | D:14     | 24817 ||| FLEEEEING.
 24832 | D:14     | 24832 ||| FLEEEEING.
 24833 | D:14     | 24833 ||| FLEEEEING.
 24835 | D:14     | 24835 ||| STAIRDANCE
 24941 | D:13     | 24941 ||| UPGRADING to +3 cloak "Issixile" {MP+9}.
 24996 | D:13     | 24996 ||| DROPPING +6 ring of intelligence.
 25209 | D:15     | Entered Level 15 of the Dungeon
 25211 | D:15     | 25211 ||| INVOKING Berserk.
 25228 | D:15     | 25228 ||| FLEEEEING.
 25229 | D:15     | 25229 ||| FLEEEEING.
 25231 | D:15     | 25231 ||| STAIRDANCE
 25346 | D:15     | 25346 ||| Stepping ~*~*~tactically~*~*~ (stealth).
 25350 | D:15     | 25350 ||| INVOKING Berserk.
 25477 | D:15     | 25477 ||| INVOKING Berserk.
 25648 | D:15     | Reached skill level 12 in Armour
 25655 | D:15     | 25655 ||| INVOKING Berserk.
 25871 | D:15     | 25871 ||| SWAPPING to +2 broad axe of electrocution.
 25872 | D:15     | 25872 ||| READING 3 scrolls of brand weapon.
 25872 | D:15     | 25872 ||| BRANDING +2 broad axe of electrocution.
 25873 | D:15     | 25873 ||| DROPPING +7 hand axe "Worm's Wrath" {flame,
                  | *Noise Str+9 SInv Stlth-}.
 25874 | D:15     | 25874 ||| READING 2 scrolls of brand weapon.
 25874 | D:15     | 25874 ||| BRANDING +2 broad axe of flaming.
 25875 | D:15     | 25875 ||| READING scroll of brand weapon.
 25875 | D:15     | 25875 ||| BRANDING +2 broad axe of draining.
 25897 | D:15     | 25897 ||| Stepping ~*~*~tactically~*~*~ (hiding).
 26007 | D:15     | 26007 ||| Stepping ~*~*~tactically~*~*~ (stealth).
 26008 | D:15     | 26008 ||| Stepping ~*~*~tactically~*~*~ (stealth).
 26042 | D:15     | Reached XP level 15. HP: 132/152 MP: 14/14
 26244 | D:15     | Reached skill level 15 in Axes
 26315 | D:15     | 26315 ||| Stepping ~*~*~tactically~*~*~ (stealth).
 26389 | D:15     | 26389 ||| INVOKING Brothers in Arms.
 26390 | D:15     | 26390 ||| INVOKING Brothers in Arms.
 26391 | D:15     | 26391 ||| SWAPPING to +0 mace.
 26392 | D:15     | 26392 ||| INVOKING Berserk.
 26401 | D:15     | 26401 ||| SWAPPING to +2 vampiric broad axe.
 26521 | D:15     | Identified the +1 robe of Valiance {+Inv Regen+}
 26546 | D:15     | 26546 ||| INVOKING Brothers in Arms.
 26547 | D:15     | 26547 ||| SWAPPING to +0 mace.
 26548 | D:15     | 26548 ||| INVOKING Berserk.
 26549 | D:15     | Found a staircase to the Depths.
 26561 | D:15     | 26561 ||| SWAPPING to +2 vampiric broad axe.
 26783 | D:15     | 26783 ||| PLANNING ORC
 26783 | D:15     | 26783 ||| READING scroll labelled JUQORGH VUOZ.
 26784 | D:15     | 26784 ||| READING 9 scrolls of identify.
 26784 | D:15     | 26784 ||| IDENTIFYING metallic black potion
 26785 | D:15     | 26785 ||| DROPPING potion of ambrosia.
 26856 | Orc:1    | Entered Level 1 of the Orcish Mines
 26861 | Orc:1    | 26861 ||| Stepping ~*~*~tactically~*~*~ (stealth).
 26862 | Orc:1    | 26862 ||| Stepping ~*~*~tactically~*~*~ (stealth).
 26864 | Orc:1    | 26864 ||| Stepping ~*~*~tactically~*~*~ (stealth).
 26881 | Orc:1    | 26881 ||| INVOKING Trog's Hand.
 26882 | Orc:1    | 26882 ||| INVOKING Berserk.
 26899 | Orc:1    | 26899 ||| Stepping ~*~*~tactically~*~*~ (stealth).
 26939 | Orc:1    | 26939 ||| Stepping ~*~*~tactically~*~*~ (stealth).
 26940 | Orc:1    | 26940 ||| Stepping ~*~*~tactically~*~*~ (stealth).
 26944 | Orc:1    | 26944 ||| INVOKING Berserk.
 27070 | Orc:1    | 27070 ||| DROPPING +0 mace.
 27129 | Orc:1    | 27129 ||| INVOKING Berserk.
 27271 | Orc:1    | 27271 ||| Stepping ~*~*~tactically~*~*~ (hiding).
 27293 | Orc:1    | 27293 ||| INVOKING Berserk.
 27533 | Orc:1    | 27533 ||| INVOKING Berserk.
 27669 | Orc:1    | 27669 ||| DROPPING +0 morningstar.
 27750 | Orc:1    | Found an iron altar of Okawaru.
 27751 | Orc:1    | 27751 ||| Stepping ~*~*~tactically~*~*~ (hiding).
 27917 | Orc:2    | Entered Level 2 of the Orcish Mines
 27924 | Orc:2    | 27924 ||| INVOKING Berserk.
 27932 | Orc:2    | 27932 ||| Stepping ~*~*~tactically~*~*~ (stealth).
 27935 | Orc:2    | 27935 ||| FLEEEEING.
 27936 | Orc:2    | 27936 ||| FLEEEEING.
 27937 | Orc:2    | 27937 ||| STAIRDANCE
 28047 | Orc:2    | 28047 ||| Stepping ~*~*~tactically~*~*~ (stealth).
 28052 | Orc:2    | 28052 ||| Stepping ~*~*~tactically~*~*~ (hiding).
 28056 | Orc:2    | 28056 ||| Stepping ~*~*~tactically~*~*~ (hiding).
 28141 | Orc:2    | 28141 ||| INVOKING Trog's Hand.
 28142 | Orc:2    | 28142 ||| INVOKING Berserk.
 28327 | Orc:2    | 28327 ||| INVOKING Trog's Hand.
 28328 | Orc:2    | 28328 ||| INVOKING Berserk.
 28485 | Orc:2    | 28485 ||| INVOKING Trog's Hand.
 28489 | Orc:2    | 28489 ||| INVOKING Berserk.
 28496 | Orc:2    | Noticed an orc warlord
 28518 | Orc:2    | Killed an orc warlord
 28533 | Orc:2    | Reached skill level 18 in Axes
 28541 | Orc:2    | Received a gift from Trog
 28542 | Orc:2    | 28542 ||| INVOKING Brothers in Arms.
 28593 | Orc:2    | 28593 ||| FLEEEEING.
 28654 | Orc:2    | 28654 ||| Stepping ~*~*~tactically~*~*~ (stealth).
 28655 | Orc:2    | 28655 ||| Stepping ~*~*~tactically~*~*~ (stealth).
 28657 | Orc:2    | 28657 ||| Stepping ~*~*~tactically~*~*~ (stealth).
 28660 | Orc:2    | 28660 ||| Stepping ~*~*~tactically~*~*~ (stealth).
 28661 | Orc:2    | 28661 ||| Stepping ~*~*~tactically~*~*~ (stealth).
 28662 | Orc:2    | 28662 ||| Stepping ~*~*~tactically~*~*~ (stealth).
 28663 | Orc:2    | 28663 ||| Stepping ~*~*~tactically~*~*~ (stealth).
 28758 | Orc:2    | Found a staircase to the Elven Halls.
 28881 | Orc:2    | Found Faig's Antique Armour Shoppe.
 28897 | Orc:2    | Found Vyrunin's Antique Weapon Emporium.
 28898 | Orc:2    | Found Haoximuk's General Store.
 28898 | Orc:2    | Found Vacirys's Book Shoppe.
 28915 | Orc:2    | 28915 ||| BUYING scroll of teleportation (42 gold).
 28915 | Orc:2    | Bought a scroll of teleportation for 42 gold pieces
 28924 | Orc:2    | 28924 ||| Stepping ~*~*~tactically~*~*~ (stealth).
 28927 | Orc:2    | 28927 ||| Stepping ~*~*~tactically~*~*~ (stealth).
 28930 | Orc:2    | 28930 ||| Stepping ~*~*~tactically~*~*~ (stealth).
 28933 | Orc:2    | 28933 ||| Stepping ~*~*~tactically~*~*~ (hiding).
 29150 | Orc:2    | 29150 ||| PLANNING SHOALS:1-3
 29150 | Orc:2    | 29150 ||| DROPPING +0 plate armour.
 29151 | Orc:2    | 29151 ||| UPGRADING to +1 plate armour of cold resistance.
 29161 | Orc:2    | 29161 ||| DROPPING +7 Kryia's mail coat {PotionHeal*2 rC+}.
 29162 | Orc:2    | 29162 ||| DROPPING +0 ice dragon scales.
 29369 | Shoals:1 | Entered Level 1 of the Shoals
 29387 | Shoals:1 | Found Roaklant's Vocational Training.
 29447 | Shoals:1 | 29447 ||| Stepping ~*~*~tactically~*~*~ (hiding).
 29737 | Shoals:1 | 29737 ||| Stepping ~*~*~tactically~*~*~ (hiding).
 29738 | Shoals:1 | 29738 ||| Stepping ~*~*~tactically~*~*~ (hiding).
 29761 | Shoals:1 | Noticed a kraken
 29788 | Shoals:1 | Killed a kraken
 29880 | Shoals:1 | 29880 ||| READING 8 scrolls of identify.
 29880 | Shoals:1 | 29880 ||| IDENTIFYING smoky red potion
 29905 | Shoals:2 | Found Ziuhecs's Armour Shoppe.
 29906 | Shoals:2 | 29906 ||| STAIRDANCE
 29916 | Shoals:2 | 29916 ||| STAIRDANCE
 29958 | Shoals:2 | 29958 ||| BUYING +2 fire dragon scales (1152 gold).
 29958 | Shoals:2 | Bought +2 fire dragon scales for 1152 gold pieces
 30017 | Shoals:2 | 30017 ||| INVOKING Trog's Hand.
 30018 | Shoals:2 | 30018 ||| INVOKING Brothers in Arms.
 30028 | Shoals:2 | 30028 ||| INVOKING Brothers in Arms.
 30029 | Shoals:2 | 30029 ||| Stepping ~*~*~tactically~*~*~ (water).
 30031 | Shoals:2 | 30031 ||| INVOKING Berserk.
 30110 | Shoals:2 | 30110 ||| READING scroll of enchant weapon.
 30110 | Shoals:2 | 30110 ||| ENCHANTING +2 vampiric broad axe.
 30120 | Shoals:2 | 30120 ||| INVOKING Trog's Hand.
 30151 | Shoals:2 | 30151 ||| INVOKING Trog's Hand.
 30155 | Shoals:2 | HP: 26/152 [satyr/arrow (15)]
 30156 | Shoals:2 | 30156 ||| READING 14 scrolls of teleportation.
 30157 | Shoals:2 | Reached XP level 16. HP: 29/160 MP: 15/15
 30191 | Shoals:2 | 30191 ||| INVOKING Berserk.
 30461 | Shoals:2 | Identified the +7 arbalest of Resourcefulness {vorpal,
                  | rElec}
 30572 | Shoals:2 | 30572 ||| INVOKING Trog's Hand.
 30591 | Shoals:2 | 30591 ||| Stepping ~*~*~tactically~*~*~ (hiding).
 30598 | Shoals:2 | Reached skill level 15 in Armour
 30707 | Shoals:2 | 30707 ||| INVOKING Berserk.
 30880 | Shoals:2 | 30880 ||| Stepping ~*~*~tactically~*~*~ (stealth).
 30883 | Shoals:2 | 30883 ||| Stepping ~*~*~tactically~*~*~ (hiding).
 30884 | Shoals:2 | 30884 ||| Stepping ~*~*~tactically~*~*~ (hiding).
 30885 | Shoals:2 | 30885 ||| Stepping ~*~*~tactically~*~*~ (hiding).
 31121 | Shoals:2 | 31121 ||| DROPPING +0 fire dragon scales.
 31152 | Shoals:3 | 31152 ||| STAIRDANCE
 31157 | Shoals:3 | 31157 ||| STAIRDANCE
 31166 | Shoals:3 | 31166 ||| STAIRDANCE
 31225 | Shoals:3 | 31225 ||| STAIRDANCE
 31229 | Shoals:3 | 31229 ||| STAIRDANCE
 31260 | Shoals:3 | 31260 ||| STAIRDANCE
 31288 | Shoals:3 | 31288 ||| STAIRDANCE
 31306 | Shoals:3 | 31306 ||| STAIRDANCE
 31325 | Shoals:3 | 31325 ||| STAIRDANCE
 31364 | Shoals:3 | 31364 ||| INVOKING Berserk.
 31455 | Shoals:3 | 31455 ||| INVOKING Berserk.
 31486 | Shoals:3 | HP: 40/160 [merfolk impaler/+3 trident of freezing (1)]
 31487 | Shoals:3 | 31487 ||| READING 15 scrolls of teleportation.
 31488 | Shoals:3 | 31488 ||| DRINKING 6 potions of heal wounds.
 31495 | Shoals:3 | HP: 28/160 [wind drake/the air (17)]
 31496 | Shoals:3 | 31496 ||| READING 14 scrolls of teleportation.
 31497 | Shoals:3 | 31497 ||| DRINKING 5 potions of heal wounds.
 31498 | Shoals:3 | 31498 ||| INVOKING Berserk.
 31554 | Shoals:3 | 31554 ||| INVOKING Berserk.
 31616 | Shoals:3 | 31616 ||| FLEEEEING.
 31617 | Shoals:3 | 31617 ||| FLEEEEING.
 31618 | Shoals:3 | 31618 ||| FLEEEEING.
 31619 | Shoals:3 | 31619 ||| STAIRDANCE
 31872 | Shoals:3 | Noticed Mlioglotl
 31873 | Shoals:3 | 31873 ||| INVOKING Brothers in Arms.
 31879 | Shoals:3 | 31879 ||| INVOKING Berserk.
 31880 | Shoals:3 | Killed Mlioglotl
 32049 | Shoals:3 | 32049 ||| READING scroll of enchant weapon.
 32049 | Shoals:3 | 32049 ||| ENCHANTING +3 vampiric broad axe.
 32069 | Shoals:3 | 32069 ||| INVOKING Trog's Hand.
 32146 | Shoals:3 | 32146 ||| FLEEEEING.
 32147 | Shoals:3 | 32147 ||| INVOKING Berserk.
 32276 | Shoals:3 | Noticed Nikola
 32290 | Shoals:3 | 32290 ||| INVOKING Berserk.
 32298 | Shoals:3 | Killed Nikola
 32423 | Shoals:3 | 32423 ||| INVOKING Trog's Hand.
 32425 | Shoals:3 | 32425 ||| FLEEEEING.
 32426 | Shoals:3 | 32426 ||| FLEEEEING.
 32427 | Shoals:3 | 32427 ||| FLEEEEING.
 32429 | Shoals:3 | 32429 ||| FLEEEEING.
 32430 | Shoals:3 | 32430 ||| FLEEEEING.
 32442 | Shoals:3 | 32442 ||| Stepping ~*~*~tactically~*~*~ (hiding).
 32443 | Shoals:3 | 32443 ||| INVOKING Trog's Hand.
 32449 | Shoals:3 | 32449 ||| Stepping ~*~*~tactically~*~*~ (stealth).
 32454 | Shoals:3 | 32454 ||| Stepping ~*~*~tactically~*~*~ (hiding).
 32464 | Shoals:3 | Reached skill level 18 in Armour
 32469 | Shoals:3 | 32469 ||| Stepping ~*~*~tactically~*~*~ (hiding).
 32470 | Shoals:3 | 32470 ||| Stepping ~*~*~tactically~*~*~ (hiding).
 32543 | Shoals:3 | 32543 ||| INVOKING Trog's Hand.
 32544 | Shoals:3 | 32544 ||| UPGRADING to +1 pair of gloves.
 32545 | Shoals:3 | 32545 ||| UPGRADING to +1 pair of gloves.
 32556 | Shoals:3 | Reached skill level 12 in Shields
 32569 | Shoals:3 | 32569 ||| INVOKING Trog's Hand.
 32576 | Shoals:3 | 32576 ||| INVOKING Berserk.
 32753 | Shoals:3 | 32753 ||| UPGRADING to +1 pair of gloves.
 32763 | Shoals:3 | 32763 ||| DROPPING +0 pair of gloves.
 32786 | Shoals:3 | 32786 ||| INVOKING Berserk.
 32959 | Shoals:3 | 32959 ||| INVOKING Trog's Hand.
 33219 | Shoals:3 | 33219 ||| PLANNING SPIDER:1-3
 33310 | Spider:1 | Entered Level 1 of the Spider Nest
 33402 | Spider:1 | 33402 ||| Stepping ~*~*~tactically~*~*~ (stealth).
 33451 | Spider:1 | 33451 ||| READING scroll of enchant weapon.
 33451 | Spider:1 | 33451 ||| ENCHANTING +4 vampiric broad axe.
 33463 | Spider:1 | 33463 ||| Stepping ~*~*~tactically~*~*~ (stealth).
 33464 | Spider:1 | 33464 ||| Stepping ~*~*~tactically~*~*~ (stealth).
 33473 | Spider:1 | Reached skill level 20 in Fighting
 33512 | Spider:1 | 33512 ||| Stepping ~*~*~tactically~*~*~ (stealth).
 33514 | Spider:1 | 33514 ||| INVOKING Berserk.
 33524 | Spider:1 | 33524 ||| INVOKING Brothers in Arms.
 33525 | Spider:1 | 33525 ||| INVOKING Brothers in Arms.
 33567 | Spider:1 | Received a gift from Trog
 33570 | Spider:1 | 33570 ||| Stepping ~*~*~tactically~*~*~ (stealth).
 33615 | Spider:1 | Found a hide-covered altar of Uskayaw.
 33624 | Spider:1 | 33624 ||| DRINKING 6 potions of curing.
 33624 | Spider:1 | 33624 ||| (to cure confusion)
 33625 | Spider:1 | 33625 ||| DRINKING 5 potions of curing.
 33625 | Spider:1 | 33625 ||| (to cure confusion)
 33679 | Spider:1 | 33679 ||| Stepping ~*~*~tactically~*~*~ (stealth).
 33680 | Spider:1 | 33680 ||| Stepping ~*~*~tactically~*~*~ (stealth).
 33681 | Spider:1 | 33681 ||| Stepping ~*~*~tactically~*~*~ (stealth).
 33682 | Spider:1 | 33682 ||| Stepping ~*~*~tactically~*~*~ (stealth).
 33688 | Spider:1 | 33688 ||| Stepping ~*~*~tactically~*~*~ (stealth).
 33694 | Spider:1 | 33694 ||| INVOKING Brothers in Arms.
 33696 | Spider:1 | 33696 ||| DRINKING 4 potions of curing.
 33696 | Spider:1 | 33696 ||| (to cure bad poison)
 33790 | Spider:1 | Found a runed translucent door.
 33986 | Spider:1 | 33986 ||| DROPPING amulet of faith.
 34005 | Spider:2 | 34005 ||| Stepping ~*~*~tactically~*~*~ (hiding).
 34016 | Spider:2 | Reached XP level 17. HP: 170/170 MP: 16/16
 34057 | Spider:2 | 34057 ||| INVOKING Brothers in Arms.
 34060 | Spider:2 | 34060 ||| INVOKING Berserk.
 34081 | Spider:2 | 34081 ||| INVOKING Brothers in Arms.
 34286 | Spider:2 | 34286 ||| Stepping ~*~*~tactically~*~*~ (hiding).
 34298 | Spider:2 | 34298 ||| INVOKING Brothers in Arms.
 34299 | Spider:2 | 34299 ||| INVOKING Brothers in Arms.
 34311 | Spider:2 | 34311 ||| INVOKING Berserk.
 34350 | Spider:2 | 34350 ||| INVOKING Brothers in Arms.
 34351 | Spider:2 | 34351 ||| Stepping ~*~*~tactically~*~*~ (hiding).
 34352 | Spider:2 | 34352 ||| INVOKING Brothers in Arms.
 34417 | Spider:2 | 34417 ||| Stepping ~*~*~tactically~*~*~ (stealth).
 34418 | Spider:2 | 34418 ||| Stepping ~*~*~tactically~*~*~ (stealth).
 34420 | Spider:2 | 34420 ||| Stepping ~*~*~tactically~*~*~ (stealth).
 34421 | Spider:2 | 34421 ||| Stepping ~*~*~tactically~*~*~ (hiding).
 34472 | Spider:2 | Identified the +1 robe "Ihoem" {Contam Rampage rCorr Str-5}
 34586 | Spider:3 | 34586 ||| Stepping ~*~*~tactically~*~*~ (hiding).
 34608 | Spider:3 | 34608 ||| Stepping ~*~*~tactically~*~*~ (stealth).
 34658 | Spider:3 | 34658 ||| Stepping ~*~*~tactically~*~*~ (stealth).
 34659 | Spider:3 | 34659 ||| Stepping ~*~*~tactically~*~*~ (stealth).
 34660 | Spider:3 | 34660 ||| Stepping ~*~*~tactically~*~*~ (stealth).
 34661 | Spider:3 | 34661 ||| Stepping ~*~*~tactically~*~*~ (stealth).
 34677 | Spider:3 | Reached skill level 21 in Fighting
 34697 | Spider:3 | 34697 ||| FLEEEEING.
 34698 | Spider:3 | 34698 ||| FLEEEEING.
 34699 | Spider:3 | 34699 ||| FLEEEEING.
 34700 | Spider:3 | 34700 ||| FLEEEEING.
 34701 | Spider:3 | 34701 ||| FLEEEEING.
 34702 | Spider:3 | 34702 ||| FLEEEEING.
 34703 | Spider:3 | 34703 ||| FLEEEEING.
 34704 | Spider:3 | 34704 ||| FLEEEEING.
 34705 | Spider:3 | 34705 ||| FLEEEEING.
 34711 | Spider:3 | 34711 ||| FLEEEEING.
 34713 | Spider:3 | 34713 ||| STAIRDANCE
 34769 | Spider:3 | 34769 ||| STAIRDANCE
 34822 | Spider:3 | 34822 ||| Stepping ~*~*~tactically~*~*~ (hiding).
 34849 | Spider:3 | 34849 ||| INVOKING Berserk.
 34876 | Spider:3 | Noticed Jorgrun
 34877 | Spider:3 | 34877 ||| FLEEEEING.
 34878 | Spider:3 | 34878 ||| Stepping ~*~*~tactically~*~*~ (hiding).
 34900 | Spider:3 | Killed Jorgrun
 34972 | Spider:3 | 34972 ||| DRINKING 4 potions of curing.
 34972 | Spider:3 | 34972 ||| (to cure confusion)
 34989 | Spider:3 | 34989 ||| FLEEEEING.
 35118 | Spider:3 | 35118 ||| INVOKING Brothers in Arms.
 35151 | Spider:3 | 35151 ||| Stepping ~*~*~tactically~*~*~ (stealth).
 35166 | Spider:3 | 35166 ||| FLEEEEING.
 35167 | Spider:3 | 35167 ||| FLEEEEING.
 35168 | Spider:3 | 35168 ||| FLEEEEING.
 35169 | Spider:3 | 35169 ||| FLEEEEING.
 35170 | Spider:3 | 35170 ||| FLEEEEING.
 35171 | Spider:3 | 35171 ||| FLEEEEING.
 35172 | Spider:3 | 35172 ||| FLEEEEING.
 35292 | Spider:3 | 35292 ||| Stepping ~*~*~tactically~*~*~ (stealth).
 35295 | Spider:3 | 35295 ||| Stepping ~*~*~tactically~*~*~ (stealth).
 35314 | Spider:3 | 35314 ||| Stepping ~*~*~tactically~*~*~ (stealth).
 35321 | Spider:3 | 35321 ||| Stepping ~*~*~tactically~*~*~ (hiding).
 35472 | Spider:3 | Noticed Bai Suzhen
 35476 | Spider:3 | 35476 ||| INVOKING Berserk.
 35486 | Spider:3 | Killed Bai Suzhen
 35617 | Spider:3 | 35617 ||| Stepping ~*~*~tactically~*~*~ (hiding).
 35625 | Spider:3 | 35625 ||| Stepping ~*~*~tactically~*~*~ (stealth).
 35650 | Spider:3 | 35650 ||| Stepping ~*~*~tactically~*~*~ (stealth).
 35783 | Spider:3 | 35783 ||| Stepping ~*~*~tactically~*~*~ (stealth).
 35784 | Spider:3 | Noticed Kirke
 35785 | Spider:3 | 35785 ||| INVOKING Trog's Hand.
 35803 | Spider:3 | Killed Kirke
 36317 | Spider:3 | 36317 ||| PLANNING SHOALS:4
 36317 | Spider:3 | 36317 ||| DROPPING scarf of invisibility.
 36442 | Shoals:4 | Entered Level 4 of the Shoals
 36443 | Shoals:4 | 36443 ||| INVOKING Trog's Hand.
 36462 | Shoals:4 | 36462 ||| INVOKING Berserk.
 36588 | Shoals:4 | 36588 ||| INVOKING Trog's Hand.
 36703 | Shoals:4 | 36703 ||| INVOKING Berserk.
 36756 | Shoals:4 | 36756 ||| FLEEEEING.
 36757 | Shoals:4 | 36757 ||| FLEEEEING.
 36758 | Shoals:4 | 36758 ||| FLEEEEING.
 36759 | Shoals:4 | 36759 ||| FLEEEEING.
 36760 | Shoals:4 | 36760 ||| STAIRDANCE
 36864 | Shoals:4 | 36864 ||| STAIRDANCE
 36935 | Shoals:4 | 36935 ||| INVOKING Trog's Hand.
 36949 | Shoals:4 | 36949 ||| STAIRDANCE
 36966 | Shoals:4 | 36966 ||| READING 16 scrolls of teleportation.
 36970 | Shoals:4 | 36970 ||| INVOKING Trog's Hand.
 36986 | Shoals:4 | HP: 37/173 [alligator snapping turtle (14)]
 36986 | Shoals:4 | HP: 6/173 [merfolk impaler/+1 trident of venom (14)]
 36987 | Shoals:4 | 36987 ||| READING 15 scrolls of teleportation.
 36987 | Shoals:4 | Succumbed to a merfolk impaler's poison

Levels and vault maps discovered:
D:1:      roderic_crop_circles_arrival_small, layout_rooms,
          shapermc_ecumenical_altar_rom_forum
D:2:      layout_basic, minmay_misc_feat_ornament, minmay_pentomino_t4
D:3:      layout_rooms, kennysheep_generic_room_6, uniq_terence
D:4:      layout_loops_ring, nicolae_overflow_hidden_temple,
          ebering_ghost_reflecting_pool, grunt_tough_drop
D:5:      minmay_skewed_foursquare, layout_gridville, serial_shops, shop,
          lemuel_old_faithful
D:6:      layout_basic, minmay_temple_entry_from_below_b,
          minmay_misc_feat_pillars, chequers_arboretum,
          nicolae_shop_i_like_big_books, nrook_pool_corridor
D:7:      layout_loops_ring, mainiacjoe_overflow_catch_the_wave,
          gammafunk_temple_overflow_pools, nicolae_ossuary_entry_catacombs,
          nrook_loot_triangle
D:8:      layout_basic, zin_statuary, serial_shops, nicolae_shop_crystal
D:9:      layout_basic
D:10:     layout_loops_ring, fedhas_altar_1, grunt_lair_entry_orc_guard_hut,
          enter_trove_6, minmay_misc_feat_nine_boxes, disabler_island
D:11:     layout_big_octagon, uniq_urug
D:12:     layout_roguey [special_room_orc], david_orc_3, serial_undead,
          serial_undead_d, serial_undead_e, serial_undead_c, serial_undead_d,
          serial_undead_e, serial_undead_b, drop_trap, minivault_12
D:13:     layout_cave_pools, david_vaults_3,
          portal_ice_cave_entry_animals_and_master
D:14:     layout_cave_pools, gammafunk_ghost_arena, evilmike_ruin_ashenzari
D:15:     hangedman_depths_entry_try_elsewhere_first, layout_irregular_city,
          nicolae_two_hexagons
Lair:1:   layout_chaotic_city, nzn_masters_of_martial_movement
Lair:2:   layout_roguey
Lair:3:   layout_gridlike, minmay_shoals_entry_beasts,
          nicolae_spider_entry_orb_guardian, basic_altar, dreamdust_wasp_nest
Lair:4:   layout_roguey, slime_entry_1, chequers_serial_rivers_micro_d,
          lemuel_oklob_altar, serial_bayou_shore_a
Lair:5:   wormcave, layout_regular_city, hangedman_lair_in_review,
          gammafunk_lair_bear_cave
Shoals:1: layout_shoals, nicolae_shop_vocational
Shoals:2: layout_shoals, nicolae_stop_n_shop_2
Shoals:3: layout_shoals, nicolae_shoals_undead_eyrie, uniq_mlioglotl,
          uniq_nikola
Shoals:4: shoals_end_grunt_garden, layout_shoals, shoals_ilsuiw_alternative,
          kb_tengu_band
Spider:1: cheibrodos_spider_deadly_dance, nicolae_spider_altar_of_dancing
Spider:2: layout_spider_delve
Spider:3: layout_spider_delve, worms_lemuel, uniq_jorgrun, uniq_kirke,
          uniq_bai_suzhen
Orc:1:    layout_caves, david_defended_altar_orc
Orc:2:    st_orc_congregation, layout_diamond_mine

Skill      XL: |  1  2  3  4  5  6  7  8  9 10 11 12 13 14 15 16 17 |
---------------+----------------------------------------------------+-----
Axes           | 4 5 6 7 8 10 12 14 18 | 18.0
Fighting       | 4 5 7 8 10 13 15 17 19 20 21 | 21.4
Throwing       | 1 2 3 4 5 7 8 9 |  9.1
Armour         | 3 4 6 8 9 10 12 14 18 20 | 20.1
Dodging        | 4 6 7 8 9 |  9.0
Shields        | 6 8 10 11 12 13 | 13.0

Action                   |  1- 3 |  4- 6 |  7- 9 | 10-12 | 13-15 | 16-18 || total
-------------------------+-------+-------+-------+-------+-------+-------++-------
Melee: Hand axe          |    53 |   110 |   257 |   356 |   473 |       ||  1249
       Headbutt          |     5 |    14 |    34 |    79 |   229 |   179 ||   540
       Punch             |       |       |     7 |       |       |       ||     7
       Broad axe         |       |       |       |       |   448 |   786 ||  1234
       Mace              |       |       |       |       |    14 |       ||    14
Throw: Javelin           |       |    21 |    74 |    42 |   104 |       ||   241
       Boomerang         |       |       |    10 |    31 |    54 |    93 ||   188
Invok: Berserk           |     2 |     3 |    11 |    18 |    29 |    18 ||    81
       Brothers in Arms  |       |       |       |     1 |     8 |     8 ||    17
       Trog's Hand       |       |       |       |       |     7 |    12 ||    19
  Use: Scroll            |     5 |     4 |     4 |     7 |    11 |     6 ||    37
       Potion            |     2 |     2 |     4 |     8 |     2 |     6 ||    24
 Stab: Petrified         |       |       |       |       |     6 |       ||     6
       Petrifying        |       |       |       |       |     1 |       ||     1
       Distracted        |       |       |       |       |       |     1 ||     1
Armor: Animal skin       |     1 |     3 |       |       |       |       ||     4
       Plate armour      |       |    29 |       |       |    46 |   644 ||   719
       Scale mail        |       |     9 |    82 |   128 |   334 |       ||   553
Dodge: Dodged            |    17 |    37 |    62 |   115 |   346 |   392 ||   969
Block: Buckler           |       |       |       |    66 |   445 |   562 ||  1073
       Reflection        |       |       |       |       |    65 |    59 ||   124

Table legend:
 A = Non-vault XP
 B = Vault XP
 C = Vault XP percentage of total XP
 D = Non-vault monster count
 E = Vault monster count
 F = Vault count percentage of total count
                 A         B        C        D         E       F
            +---------+---------+-------+---------+---------+-------
      Total |  195331 |   76720 |  28.2 |     680 |     302 |  30.8
            +---------+---------+-------+---------+---------+-------
        D:1 |      19 |       0 |   0.0 |      11 |       0 |   0.0
        D:2 |      94 |      19 |  16.8 |      19 |       4 |  17.4
        D:3 |      47 |      86 |  64.7 |      18 |       3 |  14.3
        D:4 |     154 |      95 |  38.2 |       9 |       6 |  40.0
        D:5 |     833 |     217 |  20.7 |      21 |       5 |  19.2
        D:6 |    1086 |       0 |   0.0 |      15 |       0 |   0.0
        D:7 |     668 |     173 |  20.6 |      24 |       6 |  20.0
        D:8 |     811 |       0 |   0.0 |      10 |       0 |   0.0
        D:9 |    2301 |     213 |   8.5 |      25 |       1 |   3.8
       D:10 |    2324 |     710 |  23.4 |      24 |       7 |  22.6
       D:11 |    4247 |    1211 |  22.2 |      21 |       3 |  12.5
       D:12 |    3700 |    7243 |  66.2 |      10 |      47 |  82.5
       D:13 |    5269 |    8480 |  61.7 |      16 |      28 |  63.6
       D:14 |    9905 |       0 |   0.0 |      18 |       0 |   0.0
       D:15 |   20982 |    2932 |  12.3 |      45 |       4 |   8.2
     Lair:1 |    8764 |     851 |   8.9 |      21 |       1 |   4.5
     Lair:2 |    3659 |       0 |   0.0 |      18 |       0 |   0.0
     Lair:3 |     444 |    3809 |  89.6 |       1 |      11 |  91.7
     Lair:4 |    4618 |     572 |  11.0 |      16 |       1 |   5.9
     Lair:5 |    6445 |   11185 |  63.4 |      18 |      24 |  57.1
   Shoals:1 |    6446 |       0 |   0.0 |      13 |       0 |   0.0
   Shoals:2 |   23888 |       0 |   0.0 |      48 |       0 |   0.0
   Shoals:3 |   26800 |    5601 |  17.3 |      50 |       8 |  13.8
   Shoals:4 |    2624 |    9200 |  77.8 |       6 |      16 |  72.7
   Spider:1 |   14725 |    2192 |  13.0 |      52 |       8 |  13.3
   Spider:2 |   14147 |     466 |   3.2 |      30 |       1 |   3.2
   Spider:3 |   20054 |   10098 |  33.5 |      57 |      16 |  21.9
      Orc:1 |    6408 |     125 |   1.9 |      35 |       3 |   7.9
      Orc:2 |    3869 |   10706 |  73.5 |      29 |      60 |  67.4
    Ossuary |       0 |     536 | 100.0 |       0 |      39 | 100.0
            +---------+---------+-------+---------+---------+-------
